 Dungeon Crawl Stone Soup version 0.21-a0-513-gdcb3f5e (webtiles) character file.

109 Gerstahl the Cutter (level 4, -3/37 HPs)
             Began as a Demonspawn Gladiator on Dec 1, 2017.
             Slain by a gnoll
             ... wielding a +0 club
              (5 damage)
             ... on level 3 of the Dungeon.
             The game lasted 00:02:04 (1560 turns).

Gerstahl the Cutter (Demonspawn Gladiator)          Turns: 1560, Time: 00:02:05

Health: -3/37      AC:  5    Str: 15    XL:     4   Next: 60%
Magic:  4/4        EV: 12    Int:  9    God:
Gold:   82         SH:  0    Dex: 15    Spells: 3/3 levels left

rFire    . . .     SeeInvis .   a - +0 rapier
rCold    . . .     Gourm    .   (no shield)
rNeg     . . .     Faith    .   b - +0 leather armour
rPois    .         Spirit   .   (helmet restricted)
rElec    .         Reflect  .   (no cloak)
rCorr    .         Harm     .   (no gloves)
MR       .....                  (no boots)
Stlth    +.........             (no amulet)
HPRegen  0.12/turn              (no ring)
MPRegen  0.09/turn              (no ring)

@: no status effects
A: antennae 1, thin metallic scales 1
a: no special abilities


You were on level 3 of the Dungeon.
You were not hungry.

You visited 1 branch of the dungeon, and saw 3 of its levels.

You collected 82 gold pieces.

Inventory:

Hand Weapons
 a - a +0 rapier (weapon)
Missiles
 d - 3 throwing nets (quivered)
Armour
 b - a +0 leather armour (worn)
Scrolls
 c - a scroll of immolation {unknown}
 h - a scroll of fog {unknown}
 j - 3 scrolls of identify {unknown}
 l - a scroll of blinking {unknown}
 m - 2 scrolls of fear {unknown}
 n - a scroll of magic mapping {unknown}
 o - a scroll of teleportation {unknown}
 q - a scroll of random uselessness {unknown}
Potions
 e - a potion of lignification {unknown}
 i - a potion of curing {unknown}
 k - 2 potions of might {unknown}
 p - a potion of invisibility {unknown}
 s - 2 potions of haste {unknown}
 t - a potion of degeneration {unknown}
Comestibles
 f - 2 bread rations
 g - a meat ration
 r - a royal jelly


   Skills:
 + Level 3.7 Fighting
 + Level 4.0 Short Blades
 - Level 1.7 Throwing
 - Level 2.6 Dodging


You had 3 spell levels left.
You didn't know any spells.

Dungeon Overview and Level Annotations

Branches:
Dungeon (3/15)

Altars:
Nemelex Xobeh


Innate Abilities, Weirdness & Mutations

You have a pair of small antennae on your head.
You are partially covered in thin metallic scales. (AC +2)


Message History

You barely miss the gnoll.
The gnoll is heavily wounded.
The gnoll hits you with a club.
* * * LOW HITPOINT WARNING * * *
You barely miss the gnoll.
The gnoll is heavily wounded.
You hit the gnoll.
The gnoll is almost dead.
The gnoll barely misses you. The gnoll hits you with a club!
* * * LOW HITPOINT WARNING * * *
There is a stone staircase leading down here.
The gnoll barely misses you.
You climb downwards.
Found 21 stones.
There is a stone staircase leading up here.
You barely miss the gnoll.
The gnoll is almost dead.
The gnoll hits you with a club.
You die...

#.. #.. .
#..#
#.##...
#......
......( #
#...##.##.#
#..@g....#
#.##.......
# #.#####
##


You could see a gnoll.

Vanquished Creatures
  Robin (D:2)
  A gnoll (D:2)
  An adder (D:2)
  An ooze (D:2)
  2 worms (D:2)
  3 dart slugs
  2 leopard geckos (D:1)
  5 orcs (D:2)
  3 bats (D:2)
  3 giant cockroaches
  3 hobgoblins
  7 kobolds
  4 frilled lizards
  14 goblins
  5 rats
55 creatures vanquished.

Notes
Turn   | Place    | Note
-------+----------+-------------------------------------------
     0 | D:1      | Gerstahl the Demonspawn Gladiator began the quest for the Orb.
     0 | D:1      | Reached XP level 1. HP: 16/16 MP: 1/1
   242 | D:1      | Reached skill level 3 in Short Blades
   242 | D:1      | Gained mutation: You are partially covered in thin metallic scales. (AC +2) [demonic ancestry]
   242 | D:1      | Reached XP level 2. HP: 22/23 MP: 2/2
   590 | D:1      | Gained mutation: You have a pair of small antennae on your head. [demonic ancestry]
   590 | D:1      | Reached XP level 3. HP: 25/28 MP: 3/3
   741 | D:1      | Found a sparkling altar of Nemelex Xobeh.
   803 | D:2      | Noticed Robin
   809 | D:2      | Killed Robin
  1083 | D:2      | Reached XP level 4. HP: 18/35 MP: 4/4
  1529 | D:2      | Reached skill level 4 in Short Blades
  1549 | D:2      | HP: 1/37 [gnoll/club (8)]
  1560 | D:3      | Slain by a gnoll

Vault maps used:
D:1:      sevenhm_arrival_forest_fort_small_3, nemelex_diamond_rough_becter
D:2:      cheibrodos_helix_gallery, serial_corexii_hall, corexii_hall_statues_t,
          corexii_hall_statues_i, minivault_24, uniq_robin, uniq_terence

Skill      XL: |  1  2  3  4 |
---------------+-------------+-----
Short Blades   | 3 4 |  4.0
Fighting       | 3 |  3.7
Throwing       | |  1.7
Dodging        | |  2.6

Action                   |  1- 3 |  4- 6 || total
-------------------------+-------+-------++-------
Melee: Rapier            |   120 |    60 ||   180
Throw: Throwing net      |     1 |       ||     1
 Stab: Sleeping          |     1 |     1 ||     2
  Eat: Chunk             |       |     2 ||     2
Armor: Leather armour    |    33 |    10 ||    43
Dodge: Dodged            |    66 |    28 ||    94

Table legend:
 A = Spawn XP
 B = Non-spawn XP
 C = Spawn XP percentage of total XP
 D = Spawn monster count
 E = Non-spawn monster count
 F = Spawn count percentage of total count
 G = Total turns spent on level
                    A         B        C        D         E        F      G
               +---------+---------+-------+---------+---------+-------+---------
         Total |       0 |     157 |   0.0 |       0 |      55 |   0.0 |  1560
               +---------+---------+-------+---------+---------+-------+---------
           D:1 |       0 |      45 |   0.0 |       0 |      24 |   0.0 |   779
           D:2 |       0 |     112 |   0.0 |       0 |      31 |   0.0 |   780
               +---------+---------+-------+---------+---------+-------+---------
